Map: [ESL] Gresvan

Players

GunGFuBanDa - Winner!

  • Race: Protoss Protoss
  • Spawn Location: 5:00

MaNa

  • Race: Protoss Protoss
  • Spawn Location: 11:00

Event: ESL SC2 Masters 2023 Summer (Regionals)

VOD

Have the link to the VOD?

Description

Time

  • Played on: May 9, 2023, 10:22 a.m.
  • Length: 15:11

All games in this series

Show
View Real Time Build Order
Export as new Build Order

GunGFuBanDa Protoss - Winner!

Build Orders:  

Get SALT Encoding   

  12  0:00  Probe  
  13  0:12  Probe  
  14  0:17  Pylon  
  14  0:24  Probe (Chrono Boost)  
  16  0:36  Probe (Chrono Boost)  
  16  0:37  Gateway  
  16  0:43  Probe (Chrono Boost)  
  16  0:45  Assimilator  
  17  0:51  Probe  
  17  0:54  Assimilator  
  18  1:03  Probe (Chrono Boost)  
  19  1:06  Gateway  
  20  1:12  Probe (Chrono Boost)  
  20  1:17  Probe (Chrono Boost)  
  20  1:24  Cybernetics Core  
  21  1:31  Probe  
  22  1:36  Pylon  
  22  1:46  Probe  
  23  2:02  Warp Gate, Stalker x2  
  27  2:12  Robotics Facility  
  27  2:32  Stalker x2  
  31  2:39  Pylon  
  31  2:57  Probe, Immortal (Chrono Boost)  
  36  3:10  Gateway  
  36  3:12  Shield Battery  
  35  3:24  Probe  
  35  3:25  Shield Battery  
  35  3:36  Probe  
  35  3:39  Pylon  
  29  3:48  Probe  
  29  3:56  Warp Prism (Chrono Boost)  
  29  4:00  Probe  
  32  4:12  Probe, Sentry x2  
  32  4:15  Stalker  
  39  4:25  Probe  
  39  4:27  Observer (Chrono Boost)  
  41  4:39  Probe  
  42  4:51  Stalker x2  
  46  4:54  Probe  
  47  5:00  Pylon  
  47  5:18  Probe  
  48  5:25  Stalker x3  
  54  5:44  Observer  
  54  5:51  Probe  
  55  5:58  Shield Battery  
  55  6:04  Pylon  
  55  6:05  Pylon  
  55  6:12  Twilight Council  
  55  6:23  Probe  
  55  6:24  Stalker x3  
  62  6:43  Pylon  
  62  6:48  Blink (Chrono Boost)  
  62  6:51  Pylon  
  62  7:08  Probe  
  62  7:11  Stalker x3  
  69  7:32  Nexus  
  69  7:40  Probe  
  70  7:44  Pylon  
  70  7:53  Probe  
  71  8:03  Stalker x2  
  73  8:11  Stalker  
  73  8:12  Probe  
  76  8:24  Probe (Chrono Boost)  
  77  8:36  Probe (Chrono Boost)  
  77  8:37  Forge  
  78  8:45  Zealot x2  
  82  8:52  Zealot  
  71  9:06  Probe (Chrono Boost)  
  73  9:12  Probe (Chrono Boost)  
  73  9:13  Sentry  
  73  9:15  Probe (Chrono Boost), Adept x2  
  80  9:18  Protoss Ground Weapons Level 1 (Chrono Boost)  
  80  9:19  Probe (Chrono Boost)  
  80  9:20  Probe  
  82  9:30  Probe  
  83  9:32  Probe  
  84  9:42  Probe, Shield Battery  
  84  9:45  Probe  
  86  9:52  Robotics Facility  
  86  9:53  Robotics Bay  
  87  10:00  Probe  
  87  10:01  Probe  
  87  10:03  Assimilator  
  87  10:06  Stalker  
  90  10:13  Stalker  
  90  10:14  Probe x2  
  94  10:23  Observer  
  94  10:26  Pylon  
  94  10:38  Nexus  
  94  10:51  Probe  
  94  10:52  Probe, Disruptor (Chrono Boost)  
  94  10:56  Shield Battery  
  99  11:03  Stalker  
  101  11:05  Pylon  
  101  11:08  Pylon  
  101  11:09  Gateway  
  101  11:24  Disruptor (Chrono Boost)  
  104  11:39  Observer  
  104  11:41  Stalker x3  
  108  11:53  Disruptor  
  108  11:54  Nexus  
  108  11:55  Pylon  
  94  12:19  Zealot x2  
  94  12:20  Stalker x2  
  90  12:25  Disruptor (Chrono Boost)  
  89  12:35  Probe  
  90  12:37  Probe  
  90  12:40  Stalker x2  
  90  12:42  Protoss Ground Weapons Level 2 (Chrono Boost)  
  95  12:47  Probe  
  95  12:50  Stalker x2  
  92  12:53  Disruptor (Chrono Boost)  
  83  13:05  Probe  
  83  13:06  Probe  
  83  13:07  Photon Cannon  
  83  13:10  Stalker x2  
  89  13:18  Probe  
  86  13:20  Charge (Chrono Boost)  
  86  13:21  Observer  
  86  13:23  Stalker  
  86  13:24  Stalker  
  86  13:25  Probe x2  
  93  13:28  Photon Cannon  
  93  13:30  Probe  
  94  13:39  Sentry  
  94  13:40  Probe  
  97  13:44  Photon Cannon  
  97  13:56  Gateway x2  
  97  13:57  Gateway  
  97  13:58  Gateway  
  97  14:05  Stalker x2  
  97  14:08  Stalker  
  103  14:12  Stalker  
  105  14:18  Observer  
  105  14:23  Pylon  
  106  14:31  Zealot  
  106  14:32  Zealot x2  
  112  14:39  Pylon  
  112  14:40  Probe  
  113  14:50  Zealot  
  115  14:52  Nexus  
  115  14:55  Pylon  
  115  14:58  Zealot x5  
  125  15:02  Zealot  
  125  15:04  Zealot  
Show
View Real Time Build Order
Export as new Build Order

MaNa Protoss 

Build Orders: Oracle Opening 

Get SALT Encoding   

  12  0:00  Probe  
  13  0:12  Probe  
  14  0:17  Pylon  
  14  0:24  Probe (Chrono Boost)  
  15  0:36  Probe (Chrono Boost)  
  15  0:37  Gateway  
  16  0:44  Probe (Chrono Boost)  
  16  0:46  Assimilator  
  17  0:51  Probe  
  17  0:53  Assimilator  
  18  1:03  Probe (Chrono Boost)  
  19  1:06  Gateway  
  19  1:13  Probe (Chrono Boost)  
  19  1:18  Probe (Chrono Boost)  
  20  1:24  Cybernetics Core  
  21  1:29  Probe  
  22  1:33  Pylon  
  22  1:41  Probe  
  23  1:53  Probe  
  24  2:00  Stargate  
  24  2:02  Adept  
  24  2:04  Adept  
  24  2:05  Warp Gate (Chrono Boost)  
  28  2:11  Probe  
  29  2:17  Pylon  
  29  2:33  Stalker  
  29  2:35  Stalker  
  29  2:36  Probe  
  33  2:49  Oracle (Chrono Boost)  
  33  2:51  Shield Battery  
  33  2:58  Pylon  
  36  3:00  Probe  
  37  3:11  Robotics Facility  
  37  3:14  Probe  
  38  3:28  Zealot x2  
  42  3:45  Probe  
  41  3:58  Immortal (Chrono Boost)  
  41  4:00  Pylon  
  41  4:02  Phoenix  
  47  4:03  Pylon  
  46  4:11  Stalker  
  47  4:22  Zealot  
  49  4:31  Warp Prism (Chrono Boost)  
  49  4:37  Sentry  
  53  4:50  Phoenix  
  55  5:03  Immortal  
  59  5:09  Zealot x2  
  59  5:12  Pylon  
  63  5:25  Pylon  
  63  5:27  Pylon  
  63  5:43  Immortal (Chrono Boost)  
  63  5:46  Zealot  
  60  6:05  Probe  
  60  6:10  Adept, Gateway  
  63  6:16  Immortal (Chrono Boost)  
  67  6:26  Probe  
  60  6:42  Pylon  
  60  6:47  Warp Prism (Chrono Boost)  
  60  6:48  Sentry  
  64  7:01  Nexus  
  64  7:06  Shield Battery  
  64  7:11  Sentry  
  66  7:16  Probe  
  66  7:18  Observer  
  68  7:26  Observer  
  68  7:30  Observer  
  68  7:41  Immortal  
  72  7:46  Probe  
  73  7:53  Observer  
  73  7:59  Forge  
  73  8:03  Immortal (Chrono Boost)  
  73  8:17  Immortal (Chrono Boost)  
  73  8:22  Probe  
  78  8:33  Protoss Ground Weapons Level 1 (Chrono Boost)  
  78  8:43  Zealot x2  
  78  9:06  Warp Prism, Observer  
  78  9:07  Probe x2  
  78  9:08  Twilight Council, Assimilator  
  82  9:19  Probe x2  
  84  9:29  Gateway  
  84  9:31  Probe  
  84  9:35  Stalker  
  84  9:36  Stalker  
  84  9:37  Blink  
  89  9:41  Probe  
  90  9:48  Pylon  
  90  9:55  Observer  
  90  9:58  Probe x2  
  93  10:08  Nexus  
  93  10:10  Probe  
  94  10:18  Stalker  
  94  10:19  Protoss Ground Weapons Level 2 (Chrono Boost)  
  96  10:21  Stalker  
  96  10:24  Probe  
  99  10:36  Shield Battery  
  99  10:44  Stalker  
  99  10:47  Observer  
  99  10:48  Stalker  
  103  11:00  Probe x2  
  105  11:04  Pylon  
  105  11:13  Stalker x3  
  110  11:22  Probe x2  
  110  11:25  Probe  
  107  11:34  Probe x2  
  107  11:37  Probe  
  102  11:44  Stalker  
  102  11:45  Stalker x2  
  102  11:46  Probe  
  102  11:47  Probe  
  108  11:49  Probe  
  109  11:55  Phoenix (Chrono Boost)  
  87  12:19  Stalker x3  
  87  12:21  Probe  
  68  12:30  Immortal  
  72  12:41  Shield Battery  
  72  12:42  Stalker x3  
  53  12:58  Probe  
  53  13:02  Stalker x2  
  48  13:06  Stalker  
  48  13:11  Immortal  
  54  13:13  Probe  
  54  13:14  Probe  
  54  13:17  Observer  
  56  13:25  Stalker x2  
  59  13:27  Probe  
  59  13:28  Probe  
  61  13:37  Sentry  
  61  13:39  Probe  
  64  13:43  Pylon  
  64  13:45  Probe  
  65  13:57  Observer  
  64  14:09  Nexus  
  64  14:13  Probe (Chrono Boost)  
  64  14:14  Probe (Chrono Boost)  
  64  14:15  Observer  
  66  14:22  Observer  
  69  14:24  Probe x2 (Chrono Boost)  
  69  14:30  Robotics Bay  
  69  14:31  Probe  
  69  14:35  Probe  
  71  14:40  Assimilator  
  71  14:43  Probe  
  72  14:47  Probe  
  71  14:55  Probe  
  73  15:00  Robotics Facility  
Tags
 
Add a new tag
Caveats
  • Supply blocks, unpowered buildings, or Contaminate may cause inaccurate times.
  • Supply counts are checked every 10 seconds.